 Dungeon Crawl Stone Soup version 0.22.1-1-ga44c0e5 (webtiles) character file.

276 bloo the Destroyer (level 6, -3/32 HPs)
             Began as a Deep Elf Conjurer on Oct 4, 2018.
             Slain by an orc wizard
             ... wielding a +0 dagger
              (6 damage)
             ... on level 4 of the Dungeon.
             The game lasted 00:16:04 (4313 turns).

bloo the Destroyer (Deep Elf Conjurer)              Turns: 4313, Time: 00:16:04

Health: -3/32      AC:  3    Str:  5    XL:     6   Next: 4%
Magic:  0/12       EV: 17    Int: 22    God:
Gold:   73         SH:  0    Dex: 15    Spells: 5/11 levels left

rFire    . . .     SeeInvis .   b - +0 short sword
rCold    . . .     Gourm    .   (no shield)
rNeg     . . .     Faith    .   a - +0 robe
rPois    .         Spirit   .   (no helmet)
rElec    .         Reflect  .   m - +0 cloak
rCorr    .         Harm     .   (no gloves)
MR       .....                  (no boots)
Stlth    ++........             (no amulet)
HPRegen  0.10/turn              o - +4 ring of evasion
MPRegen  0.13/turn              (no ring)

@: no status effects
A: no striking features
a: no special abilities


You were on level 4 of the Dungeon.
You were not hungry.

You visited 1 branch of the dungeon, and saw 4 of its levels.

You collected 73 gold pieces.

Inventory:

Hand Weapons
 b - a +0 short sword (weapon)
Armour
 a - a +0 robe (worn)
 m - a +0 cloak (worn)
Jewellery
 o - a +4 ring of evasion (left hand)
Wands
 j - a wand of disintegration (20)
 l - a wand of paralysis (10)
 n - a wand of iceblast (2)
Scrolls
 e - a scroll of amnesia {unknown}
 g - 4 scrolls of identify {unknown}
 h - 2 scrolls of immolation {unknown}
Potions
 d - 2 potions of curing {unknown}
 f - a potion of heal wounds {unknown}
 i - 4 potions of flight {unknown}
Comestibles
 c - 3 rations
 k - a chunk of flesh


   Skills:
 - Level 2.4 Dodging
 - Level 2.4 Stealth
 - Level 3.0 Spellcasting
 + Level 8.0 Conjurations


You had 5 spell levels left.
You knew the following spells:

 Your Spells              Type           Power        Failure   Level  Hunger
a - Magic Dart            Conj           ####         1%          1    None
b - Searing Ray           Conj           #####.       1%          2    ##.....
c - Dazzling Spray        Conj/Hex       ###...       7%          3    ###....

Your spell library contained the following spells:

 Spells                   Type           Power        Failure   Level  Hunger
 Iskenderun's Mystic Bla  Conj           #####...     4%          4    ####...
 Force Lance              Conj/Tloc      ###.....     24%         4    ####...
 Fulminant Prism          Conj/Hex       ###.......   24%         4    ####...


Dungeon Overview and Level Annotations

Branches:
Dungeon (4/15)
 Temple: D:4-7

Altars:
Gozag
Yredelemnul
The Shining One


Message History

The searing ray hits the orc wizard. (Press . to maintain the ray.)
The searing ray hits the orc wizard.
The orc wizard is heavily wounded.
The orc wizard points at you and mumbles some strange words.
The puff of frost hits you!
The searing ray hits the orc wizard.
The orc wizard is severely wounded.
The orc wizard points at you and mumbles some strange words.
The magic dart hits you!
* * * LOW HITPOINT WARNING * * *
Casting: Searing Ray (safe; 1% risk of failure)
Confirm with . or Enter, or press ? or * to list all spells.
Aiming: Searing Ray (safe; 1% risk of failure)
Press: ? - help, Shift-Dir - straight line, f/p - orc wizard
Aim: an orc wizard, wielding a dagger and wearing a robe (severely wounded)
The searing ray misses the orc wizard. (Press . to maintain the ray.)
The orc wizard hits you with a dagger.
You die...

#.# #o.#..# #.#
#.#..# #.##
#...## #..##
Z.#..##
#...#...##..## #
#....).###...#..#
##.##..###......#
#..######...##..#
#......@o..##
.....
#.......####
..### #.......#
#...#
#.......####....#
#............#
#............
#.......#..#
#.......#.##
#.........#


You could see an orc wizard.

Vanquished Creatures
  An orc priest (D:4)
  A hound (D:4)
  Jessica (D:2)
  2 worker ants
  5 adders
  An ooze (D:1)
  An adder skeleton (D:4)
  2 worms (D:2)
  A dart slug (D:3)
  2 leopard geckos
  3 orcs
  8 giant cockroaches
  4 goblins
  8 hobgoblins
  11 jackals
  A quokka (D:4)
  A ball python (D:4)
  8 bats
  3 frilled lizards
  9 kobolds
  7 rats
80 creatures vanquished.

Notes
Turn   | Place    | Note
-------+----------+-------------------------------------------
     0 | D:1      | bloo the Deep Elf Conjurer began the quest for the Orb.
     0 | D:1      | Reached XP level 1. HP: 10/10 MP: 6/6
   185 | D:1      | Reached XP level 2. HP: 15/15 MP: 5/8
   215 | D:1      | Learned a level 2 spell: Searing Ray
   235 | D:1      | Reached skill level 5 in Conjurations
  1127 | D:1      | Reached XP level 3. HP: 19/19 MP: 7/9
  1681 | D:2      | Reached skill level 6 in Conjurations
  2056 | D:2      | Reached XP level 4. HP: 21/24 MP: 5/10
  2139 | D:2      | Learned a level 3 spell: Dazzling Spray
  2414 | D:2      | Noticed Jessica
  2419 | D:2      | Killed Jessica
  2556 | D:2      | Found an opulent altar of Gozag.
  3027 | D:3      | Reached skill level 7 in Conjurations
  3027 | D:3      | Reached XP level 5. HP: 24/28 MP: 4/11
  3458 | D:3      | Found a basalt altar of Yredelemnul.
  3679 | D:3      | Found a glowing golden altar of the Shining One.
  4306 | D:4      | Reached skill level 8 in Conjurations
  4306 | D:4      | Reached XP level 6. HP: 28/32 MP: 8/12
  4313 | D:4      | Slain by an orc wizard

Skill      XL: |  1  2  3  4  5 |
---------------+----------------+-----
Conjurations   | 5 6 7 8 |  8.0
Dodging        | |  2.4
Stealth        | |  2.4
Spellcasting   | |  3.0

Action                   |  1- 3 |  4- 6 || total
-------------------------+-------+-------++-------
Melee: Short sword       |    11 |       ||    11
 Cast: Magic Dart        |    75 |    45 ||   120
       Searing Ray       |     5 |    18 ||    23
  Eat: Chunk             |     3 |     8 ||    11
Armor: Robe              |     2 |     4 ||     6
Dodge: Dodged            |    15 |     7 ||    22
